[Event "*** Titled Tuesday Blitz"]
[Site "Chess.com"]
[Date "2020.02.04"]
[Round "2"]
[White "Bulldog167"]
[Black "Firouzja2003"]
[Result "0-1"]
[WhiteElo "2701"]
[BlackElo "3166"]
[TimeControl "180+2"]
[EndTime "9:22:07 PST"]
[Termination "Firouzja2003 won by resignation"]

1. d4 Nf6 2. c4 c5 3. d5 e5 4. Nc3 d6 5. e4 g6 6. Nf3 Bg7 7. Be2 O-O 8. O-O Nh5 9. Re1 Nf4 10. Bf1 Nd7 11. g3 Nh5 12. Bh3 h6 13. Kg2 a6 14.
Bd2 Rb8 15. a4 Kh8 16. b3 Nhf6 17. Rc1 Nh7 18. Qc2 Ndf6 19. Bxc8 Qxc8 20. Rb1 Ng8 21. Rf1 Ne7 22. Ne1 f5 23. f3 g5 24. exf5 Nxf5 25.
Ne4 b5 26. axb5 axb5 27. Qd3 Nf6 28. Nc2 b4 29. Ne3 Nxe4 30. fxe4 Nd4 31. Rxf8+ Qxf8 32. Rf1 Qe8 33. Nf5 Qg6 34. Nxd4 exd4 35. Qf3 Re8 36.
Re1 Rf8 37. Qe2 Be5 38. Rf1 Ra8 39. Bc1 Kg8 40. Qg4 Bg7 41. h4 Re8 42. hxg5 Rxe4 43. Qc8+ Re8 44. Qf5 Re2+ 45. Kg1 Qxf5 46. Rxf5 d3 47.
gxh6 Bd4+ 48. Kf1 d2 49. Bxd2 Rxd2 50. g4 Rd3 51. g5 Rxb3 52. g6 Rh3 53. h7+ Kg7 0-1

[Event "*** Titled Tuesday Blitz"]
[Site "Chess.com"]
[Date "2020.02.04"]
[Round "2"]
[White "GMHess"]
[Black "bazar-wokzal"]
[Result "1-0"]
[WhiteElo "2758"]
[BlackElo "2550"]
[TimeControl "180+2"]
[EndTime "9:22:07 PST"]
[Termination "GMHess won by resignation"]

1. b3 e5 2. Bb2 Nc6 3. h3 d5 4. e3 Bd6 5. d3 f5 6. c4 Nf6 7. cxd5 Nxd5 8. a3 O-O 9. Nf3 Be6 10.
Be2 Qf6 11. Nbd2 Rf7 12. Nc4 b5 13. Nxd6 cxd6 14. Rc1 Na5 15. b4 Nb3 16. Rc6 Qe7 17. O-O Qd7 18. Rc2 a5 19. Ng5 Rf6 20. Bf3 axb4 21. axb4 Ra2 22. Nxe6 Qxe6 23. Rc8+ Qxc8 24. Qxb3 Ra7 25. Rc1 Rc7 26. Qxd5+ Kh8 27. Rxc7 Qxc7 28. Qa8+ 1-0

[Event "*** Titled Tuesday Blitz"]
[Site "Chess.com"]
[Date "2020.02.04"]
[Round "2"]
[White "Me_ch_an"]
[Black "Raspadsistema"]
[Result "0-1"]
[WhiteElo "2339"]
[BlackElo "2814"]
[TimeControl "180+2"]
[EndTime "9:22:08 PST"]
[Termination "Raspadsistema won on time"]

1. e4 d6 2. Nc3 Nf6 3. g3 c5 4. d3 Nc6 5. h3 e5 6. Be3 Be7 7. Bg2 O-O 8. Nge2 Ne8 9. O-O Nc7 10. f4 Ne6 11. f5 Ned4 12. g4 h6 13. Nd5 Bh4 14.
f6 Nxe2+ 15. Qxe2 g5 16. c3 Be6 17. Rad1 Nb8 18. Ne7+ Kh8 19. d4 cxd4 20. cxd4 exd4 21. Bxd4 Nc6 22. Bc3 Qb6+ 23. Kh1 Ne5 24. b3 Rfd8 25. Qb2 Bg3 26. Nd5 Bxd5 27. Rxd5 Ng6 28. Bd4 Qa6 29. Be3 Be5 30. Qd2 Rac8 31. Rd1 b6 32. Bf1 Qb7 33. a4 Bxf6 34. Bc4 Be5 35. Bd4 Qe7 36. Bxe5+ Nxe5 37. Qd4 Kg7 38. Rf1 f6 39. Rd1 Nc6 40. Qf2 Qxe4+ 41. Kh2 Ne5 42. Kg3 Nxc4 43. bxc4 Rxc4 44. Rf5 Rc3+ 45. Kh2 Rc2 46. Rd2 Rdc8 47. Rxf6 Qe5+ 0-1

[Event "*** Titled Tuesday Blitz"]
[Site "Chess.com"]
[Date "2020.02.04"]
[Round "2"]
[White "malandragem"]
[Black "GMHellers"]
[Result "1-0"]
[WhiteElo "2257"]
[BlackElo "2348"]
[TimeControl "180+2"]
[EndTime "9:22:09 PST"]
[Termination "malandragem won by resignation"]

1. e4 e5 2. Nf3 Nf6 3. Nc3 Nc6 4. a3 Bc5 5. Nxe5 Nxe5 6. d4 Bd6 7. f4 Ng6 8. e5 Be7 9. f5 Nf8 10. exf6 Bxf6 11.
Bc4 c6 12. O-O d5 13. Re1+ Be7 14. Bg5 f6 15. Qh5+ g6 16. Nxd5 cxd5 17. fxg6 Nxg6 18. Bxf6 dxc4 19. Bxe7 Qxd4+ 20. Kh1 Kf7 21. Bb4 Bg4 22. Re7+ Kg8 23. Qg5 Rf8 24. Rae1 Qf6 25. Qd5+ Rf7 26. Rxf7 Qxf7 27. Re8+ Kg7 28. Bc3+ 1-0

[Event "*** Titled Tuesday Blitz"]
[Site "Chess.com"]
[Date "2020.02.04"]
[Round "2"]
[White "NewBornNow"]
[Black "wonderfultime"]
[Result "0-1"]
[WhiteElo "2664"]
[BlackElo "2976"]
[TimeControl "180+2"]
[EndTime "9:22:12 PST"]
[Termination "wonderfultime won by resignation"]

1. e4 c5 2. Nf3 Nf6 3. e5 Nd5 4. Nc3 e6 5. Nxd5 exd5 6. d4 Nc6 7. dxc5 Bxc5 8. Bd3 d6 9. exd6 Qxd6 10. O-O O-O 11.
h3 Re8 12. Bg5 h6 13. Bh4 g5 14. Nxg5 hxg5 15. Bxg5 Nb4 16. Bb5 Re4 17. c3 Bxh3 18.
cxb4 Rg4 19. Qxg4 Bxg4 20. bxc5 Qxc5 21. Ba4 d4 22. Bf4 Rd8 23. f3 d3+ 24. Kh2 Bf5 25. Bb3 Qd4 26. Kg3 Qg7+ 27. Kh2 d2 28. Rad1 Qxb2 29. Rf2 Qd4 30. Kg3 Qg7+ 31. Kh2 Qh7+ 32. Kg1 Bc2 33. Bxc2 Qxc2 34. Rdxd2 Rxd2 35. Rxd2 Qc1+ 36. Kf2 Qc4 37. Be3 b6 38. g4 Qb4 39. Kg3 Qc3 40. Rd8+ Kh7 41. Bd4 Qc7+ 42. f4 Qxd8 0-1

[Event "*** Titled Tuesday Blitz"]
[Site "Chess.com"]
[Date "2020.02.04"]
[Round "2"]
[White "GMSrinath"]
[Black "Didici"]
[Result "0-1"]
[WhiteElo "2972"]
[BlackElo "2688"]
[TimeControl "180+2"]
[EndTime "9:22:14 PST"]
[Termination "Didici won by resignation"]

1. e4 e5 2. Nf3 Nc6 3. Bb5 a6 4. Ba4 Nf6 5. O-O Nxe4 6. d4 b5 7. Bb3 d5 8. dxe5 Be6 9. c3 Bc5 10. Nbd2 O-O 11. Bc2 Nxf2 12. Rxf2 f6 13. Nf1 Bxf2+ 14.
Kxf2 fxe5 15. Kg1 Bg4 16. Bb3 Ne7 17. Bg5 Bxf3 18. gxf3 c6 19. Qe2 Qd6 20. Re1 Ng6 21. Ng3 Rae8 22. Bc2 h6 23. Be3 Nh4 24. Rf1 Qf6 25. Qd3 Nxf3+ 26. Rxf3 Qxf3 27. Qh7+ Kf7 28. Qg6+ Kg8 29. Qh7+ Kf7 30. Bc5 e4 31. Bxf8 Rxf8 32. Qf5+ Qxf5 33. Nxf5 Kf6 34. Nd4 Rc8 35. Kf2 c5 36. Ne2 Ke5 37. Ke3 Rf8 38. a4 Rf3+ 39. Kd2 d4 40. axb5 axb5 41. cxd4+ cxd4 42. Bd1 Rf2 43. h4 d3 44. Ke3 Rxe2+ 45. Bxe2 dxe2 46. Kxe2 g5 47. hxg5 hxg5 48. Ke3 Kd5 49. b4 Ke5 0-1

[Event "*** Titled Tuesday Blitz"]
[Site "Chess.com"]
[Date "2020.02.04"]
[Round "2"]
[White "KRASAVCHIK2002"]
[Black "sganerdene"]
[Result "0-1"]
[WhiteElo "2504"]
[BlackElo "2741"]
[TimeControl "180+2"]
[EndTime "9:22:17 PST"]
[Termination "sganerdene won by resignation"]

1. e4 d6 2. d4 Nf6 3. Nc3 c6 4. f4 Qa5 5. Nf3 Nxe4 6. Bd3 Nxc3 7. bxc3 Nd7 8. O-O Nf6 9. Bd2 e6 10. c4 Qc7 11. f5 exf5 12. Qe2+ Be7 13. Rae1 Kd8 14.
Bf4 h6 15. h4 Be6 16. c5 Re8 17. Bc4 Ne4 18. Bxe6 fxe6 19. Nd2 Nxd2 20. Qxd2 Qd7 21. Qa5+ Kc8 22. h5 dxc5 23. dxc5 Bd8 24. Qc3 Bf6 25.
Qb3 Bd4+ 26. Kh1 Bxc5 0-1

[Event "*** Titled Tuesday Blitz"]
[Site "Chess.com"]
[Date "2020.02.04"]
[Round "2"]
[White "hanzo_hasashi1"]
[Black "mitrabhaa"]
[Result "1-0"]
[WhiteElo "2832"]
[BlackElo "2596"]
[TimeControl "180+2"]
[EndTime "9:22:18 PST"]
[Termination "hanzo_hasashi1 won by resignation"]

1. d4 Nf6 2. c4 e6 3. Nf3 Bb4+ 4. Bd2 c5 5. Bxb4 cxb4 6. e3 O-O 7. Bd3 d6 8. O-O a5 9. a3 Na6 10. Nbd2 b6 11. Ng5 Bb7 12. f4 Qc7 13. Ngf3 Rad8 14. Qe2 Rfe8 15. c5 Nb8 16. cxd6 Qxd6 17. Nc4 Qc7 18. axb4 axb4 19. Nce5 Nbd7 20. Rfc1 Qb8 21. e4 Rc8 22. Rxc8 Rxc8 23. Ng5 Rf8 24. Nexf7 h6 25.
Nxh6+ gxh6 26. Nxe6 Re8 27. f5 Nf8 28. e5 Nxe6 29.
exf6 Ng5 30. Qh5 Rc8 1-0

[Event "*** Titled Tuesday Blitz"]
[Site "Chess.com"]
[Date "2020.02.04"]
[Round "2"]
[White "SantoBlue"]
[Black "iLuusions"]
[Result "1-0"]
[WhiteElo "2837"]
[BlackElo "2600"]
[TimeControl "180+2"]
[EndTime "9:22:20 PST"]
[Termination "SantoBlue won on time"]

1. d4 Nf6 2. c4 e6 3. Nc3 Bb4 4.
f3 c5 5. d5 exd5 6. cxd5 O-O 7.
e4 d6 8. Bd3 Nbd7 9. Ne2 Qc7 10. O-O c4 11. Bc2 a6 12. Kh1 b5 13. Nd4 Bb7 14. Nf5 Rfe8 15. Qe1 g6 16. Nh6+ Kg7 17. Qg3 Bc5 18. Nf5+ Kh8 19. Bh6 Rg8 20. Ne3 Rae8 21.
Rae1 Bd4 22. a3 Nc5 23. Rd1 Be5 24. Qh3 Bc8 25. g4 Nh5 26. Qh4 Ng7 27. Bg5 Bd7 28.
f4 Bxc3 29. bxc3 Nxe4 30. Bxe4 Rxe4 31. Rf3 Rge8 32. Bf6 h5 33. gxh5 Kg8 34. h6 Nh5 35. Rg3 Nxg3+ 36. hxg3 Kh7 37. Bd4 Qd8 38. Bf6 Qc7 39.
Be7 Rxe3 40. Qf6 Rg8 41. Qxf7+ Kxh6 42. Qxg8 Rxe7 43. Kg2 Bg4 44. Rh1+ Bh5 45. g4 Re2+ 46. Kf3 1-0

[Event "*** Titled Tuesday Blitz"]
[Site "Chess.com"]
[Date "2020.02.04"]
[Round "2"]
[White "Rodchenkov_Vitalij"]
[Black "Sjakkerntobi"]
[Result "1-0"]
[WhiteElo "2585"]
[BlackElo "2282"]
[TimeControl "180+2"]
[EndTime "9:22:20 PST"]
[Termination "Rodchenkov_Vitalij won by resignation"]

1. Nf3 c5 2. g3 Nc6 3. Bg2 d5 4. O-O Nf6 5. d3 e5 6. Nbd2 Be7 7. e4 dxe4 8. dxe4 O-O 9. c3 h6 10. a4 Be6 11. Qc2 Qc7 12. Re1 a6 13. Bf1 Rab8 14. Bc4 Bxc4 15. Nxc4 b5 16. axb5 axb5 17. Ne3 Bd6 18. Nf5 Ne7 19. N3h4 Nxf5 20. Nxf5 h5 21. Qe2 g6 22. Bg5 Nh7 23. Nxd6 Nxg5 24. Nxb5 Qd7 25. c4 Ne6 26. h4 Nd4 27. Nxd4 cxd4 28. Ra5 Qc7 29. Rd5 Rfc8 30. Rc1 f6 31. c5 Qb7 32. Rd6 Kg7 33. Qc4 Rc7 34. Qe6 Rf7 35. c6 Qxb2 36. Rf1 Qc3 37. Rd7 Rf8 38. Rb1 d3 39.
Rbb7 Qe1+ 40. Kg2 Qxe4+ 41. Kh2 Rxd7 42. Qxd7+ 1-0

[Event "*** Titled Tuesday Blitz"]
[Site "Chess.com"]
[Date "2020.02.04"]
[Round "2"]
[White "severomorskij"]
[Black "Rud_Makarian"]
[Result "1-0"]
[WhiteElo "2874"]
[BlackElo "2604"]
[TimeControl "180+2"]
[EndTime "9:22:23 PST"]
[Termination "severomorskij won by resignation"]

1. d4 Nf6 2. c4 g6 3. Nc3 Bg7 4. e4 d6 5. Bd3 c5 6. d5 O-O 7. Nge2 e6 8. Bg5 exd5 9. exd5 Re8 10. O-O Nbd7 11. f4 Qe7 12. h3 Qf8 13. Qd2 a6 14. a4 Bh6 15. Ng3 Kh8 16. Rae1 Bxg5 17. fxg5 Ng8 18.
Rxe8 Qxe8 19. Nce4 Qe5 20. Rxf7 Nb6 21. b3 Bf5 22.
Rxb7 Nd7 23. Nxf5 gxf5 24. Nf2 Nf8 25. Qe2 Qa1+ 26. Kh2 Ng6 27. Bxf5 Rf8 28. Bxg6 hxg6 29. Qe4 Rxf2 30. Qh4+ 1-0

[Event "*** Titled Tuesday Blitz"]
[Site "Chess.com"]
[Date "2020.02.04"]
[Round "2"]
[White "ChessLover0108"]
[Black "Everyfishknows"]
[Result "1-0"]
[WhiteElo "2747"]
[BlackElo "2323"]
[TimeControl "180+2"]
[EndTime "9:22:24 PST"]
[Termination "ChessLover0108 won by resignation"]

1. d4 Nf6 2. c4 e6 3. Nf3 Bb4+ 4. Bd2 Qe7 5. g3 Nc6 6. a3 Bxd2+ 7. Nbxd2 a5 8. Bg2 d6 9. O-O O-O 10. e4 e5 11. d5 Nb8 12. Ne1 Na6 13. Nd3 Bg4 14. f3 Bd7 15. b4 c6 16. Qb3 cxd5 17. exd5 Rfc8 18. Rfe1 Bf5 19. Ne4 Nxe4 20. fxe4 Bg4 21. Rac1 f5 22. c5 fxe4 23. Bxe4 axb4 24. axb4 Qg5 25.
c6 bxc6 26. dxc6+ Kh8 27. b5 Nc5 28. Nxc5 dxc5 29. b6 Rab8 30. b7 Rc7 31. Qb6 Qe7 32. Qxc5 Qe8 33. Qd6 Qf7 34. Rf1 Qe7 35. Qxe7 Rxe7 36.
c7 Rxc7 37. Rxc7 1-0

[Event "*** Titled Tuesday Blitz"]
[Site "Chess.com"]
[Date "2020.02.04"]
[Round "2"]
[White "W_Amadeus"]
[Black "Carnivoras"]
[Result "1-0"]
[WhiteElo "2747"]
[BlackElo "2545"]
[TimeControl "180+2"]
[EndTime "9:22:26 PST"]
[Termination "W_Amadeus won by checkmate"]

1. e4 c5 2. Nf3 d6 3. d4 cxd4 4. Nxd4 Nf6 5. Nc3 a6 6. Be3 e6 7.
f3 Be7 8. Qd2 O-O 9. O-O-O b5 10.
g4 Bb7 11. g5 Nfd7 12. h4 Nc6 13. Nxc6 Bxc6 14. h5 b4 15. Ne2 d5 16. Nd4 Bb7 17. g6 Bf6 18. gxf7+ Rxf7 19. Nxe6 Qa5 20. Kb1 dxe4 21.
Bc4 Kh8 22. h6 Ne5 23. hxg7+ Bxg7 24. Nxg7 Nxc4 25. Qh2 Rxg7 26. Bd4 Qg5 27. Qxh7# 1-0

[Event "*** Titled Tuesday Blitz"]
[Site "Chess.com"]
[Date "2020.02.04"]
[Round "2"]
[White "Zq1"]
[Black "rasmussvane"]
[Result "0-1"]
[WhiteElo "2540"]
[BlackElo "2851"]
[TimeControl "180+2"]
[EndTime "9:22:30 PST"]
[Termination "rasmussvane won by resignation"]

1. d4 d5 2. c4 e6 3. Nc3 a6 4. e3 Nf6 5. Nf3 dxc4 6. Bxc4 b5 7. Bb3 Bb7 8. a4 b4 9. Ne2 c5 10. O-O Nbd7 11. a5 Be7 12. Ne5 O-O 13. Nxd7 Qxd7 14. dxc5 Qc7 15. Nd4 Bxc5 16. Bd2 Rfd8 17. Qc2 Ng4 18.
g3 Rac8 19. Rac1 Qe5 20. Qd1 Qe4 21. f3 Nxe3 22. fxe4 Nxd1 23. Rxc5 Rxc5 24. Bxd1 Rxd4 25. Be3 Rcc4 26. Bxd4 Rxd4 27. Bb3 Bxe4 28. Rc1 g6 29. Bc4 Bd3 30. Bxd3 Rxd3 31. Rc2 Rd5 0-1

[Event "*** Titled Tuesday Blitz"]
[Site "Chess.com"]
[Date "2020.02.04"]
[Round "2"]
[White "cottage_cheese"]
[Black "WeAintSurePal"]
[Result "1-0"]
[WhiteElo "2463"]
[BlackElo "2422"]
[TimeControl "180+2"]
[EndTime "9:22:32 PST"]
[Termination "cottage_cheese won by resignation"]

1. e4 c6 2. d4 d5 3. Nd2 dxe4 4. Nxe4 Nf6 5. Nxf6+ exf6 6. c3 Bd6 7. Bd3 O-O 8.
Qc2 Re8+ 9. Ne2 h5 10. Be3 Nd7 11. O-O Nf8 12. Rfe1 Qc7 13. h3 Be6 14. c4 Qd7 15. Rad1 Rac8 16. Bf4 h4 17. Bxd6 Qxd6 18. Nc3 Qd7 19. Ne4 b6 20. Bf1 Ng6 21. Nc3 Bf5 22. Qd2 Rcd8 23. Rxe8+ Rxe8 24. d5 Ne5 25. b3 Bg6 26.
dxc6 Qxc6 27. Nd5 Bf5 28. Qf4 Bg6 29. Qxh4 a6 30. f4 Nd7 31. Qf2 Be4 32. Be2 Nc5 33.
Bf3 Bxf3 34. Qxf3 Qb7 35. Qg4 Ne4 36. Re1 Kf8 37. Qf5 Nd6 38. Rxe8+ Nxe8 39. Qh7 1-0

[Event "*** Titled Tuesday Blitz"]
[Site "Chess.com"]
[Date "2020.02.04"]
[Round "2"]
[White "ChessPromotionAlex"]
[Black "Nathan_Filgueiras"]
[Result "1-0"]
[WhiteElo "2529"]
[BlackElo "2262"]
[TimeControl "180+2"]
[EndTime "9:22:43 PST"]
[Termination "ChessPromotionAlex won by resignation"]

1. e4 c5 2. Nf3 Nc6 3. d4 cxd4 4. Nxd4 e5 5. Nb5 d6 6. N1c3 a6 7. Na3 b5 8. Nd5 Nce7 9. c4 Nxd5 10. exd5 bxc4 11.
Nxc4 Nf6 12. Be3 Rb8 13. Be2 Be7 14. O-O O-O 15. a4 Bb7 16. Nb6 Nd7 17. a5 Nxb6 18. Bxb6 Qe8 19. b4 f5 20. Qb3 Bd8 21. Rfc1 Bxb6 22.
axb6 e4 23. Bxa6 f4 24. Bxb7 Rxb7 25. Rc6 f3 26. Re1 fxg2 27. Qe3 Re7 28. Rc7 Re5 29. Qg3 g6 30. Qh3 Rf7 31. Rc8 e3 32. Rxe8+ Rxe8 33.
Rxe3 Rxe3 34. Qxe3 1-0

[Event "*** Titled Tuesday Blitz"]
[Site "Chess.com"]
[Date "2020.02.04"]
[Round "2"]
[White "arminmusovic"]
[Black "Atakishiyev04"]
[Result "0-1"]
[WhiteElo "2560"]
[BlackElo "2794"]
[TimeControl "180+2"]
[EndTime "9:22:45 PST"]
[Termination "Atakishiyev04 won by resignation"]

1. e4 e6 2. d4 d5 3. Nd2 Nf6 4.
e5 Nfd7 5. c3 c5 6. Nb3 Nc6 7.
f4 a5 8. a4 cxd4 9. cxd4 Qb6 10. Nf3 Bb4+ 11. Kf2 f6 12. Kg3 O-O 13. h3 g5 14.
exf6 gxf4+ 15. Bxf4 Nxf6 16. Bh6 Ne4+ 17. Kh2 Qc7+ 18. Kg1 Rf6 19. Be3 Bd6 20. Bd3 Nb4 21. Rc1 Qg7 22. Bxe4 dxe4 23. Ng5 Bd7 24. Nxe4 Rg6 25.
Qe2 Nd5 26. Bd2 Bxa4 27. Nbc5 Bc6 28. Nb3 Bf4 29. Rxc6 bxc6 30. Nbc5 Rf8 31. Bc3 Be3+ 32. Kh2 Nf4 33. Qf3 Rxg2+ 0-1

[Event "*** Titled Tuesday Blitz"]
[Site "Chess.com"]
[Date "2020.02.04"]
[Round "2"]
[White "Tash_Boy"]
[Black "gena217"]
[Result "0-1"]
[WhiteElo "2674"]
[BlackElo "3005"]
[TimeControl "180+2"]
[EndTime "9:22:46 PST"]
[Termination "gena217 won by resignation"]

1. e4 e5 2. Nf3 Nc6 3. Bc4 Bc5 4. c3 Nf6 5. d3 O-O 6. O-O d5 7. exd5 Nxd5 8. a4 a5 9. Re1 Bg4 10. Nbd2 Nb6 11. Bb5 Bd6 12. Ne4 Kh8 13. h3 Bh5 14. Ng3 Bxf3 15. Qxf3 Ne7 16. Qxb7 c6 17. Be3 Nbd5 18.
Bxc6 Rb8 19. Qa6 Nxe3 20. Rxe3 Rb6 21. Qxa5 Nxc6 22. Qd5 Ne7 23. Qa2 f5 24. Re2 Ng6 25. a5 Ra6 26. b4 Bc7 27. Qc4 Rd6 28. a6 Bb6 29. a7 Qa8 30. Ra6 Nf4 31. Re4 fxe4 32.
Nxe4 Bxf2+ 33. Kxf2 Nxd3+ 34. Ke3 Nb2 35. Nxd6 Nxc4+ 36.
Nxc4 Qxg2 37. Nd2 h5 38. b5 Qf2+ 39. Kd3 Rd8+ 40. Kc4 Qe2+ 41. Kb4 Qxd2 42. a8=Q Rxa8 43. Rxa8+ Kh7 44. b6 Qd6+ 45. Kc4 Qc6+ 0-1

[Event "*** Titled Tuesday Blitz"]
[Site "Chess.com"]
[Date "2020.02.04"]
[Round "2"]
[White "SergioGarciaFuentes"]
[Black "hypert"]
[Result "0-1"]
[WhiteElo "2158"]
[BlackElo "2461"]
[TimeControl "180+2"]
[EndTime "9:22:46 PST"]
[Termination "hypert won by resignation"]

1. Nf3 d5 2. g3 Nf6 3. Bg2 Bf5 4. b3 c6 5. Bb2 Nbd7 6. c4 h6 7. O-O e6 8. d3 Bh7 9. Nbd2 Be7 10. Rc1 O-O 11. Rc2 a5 12. a3 b5 13. Nd4 Qb6 14.
Nxc6 Qxc6 15. cxd5 Qd6 16. dxe6 Nc5 17. exf7+ Kxf7 18. Bxa8 Rxa8 19. Qa1 Bf5 20. Rfc1 Ne6 21. f3 Bh3 22. Ne4 Qb6+ 23. d4 Nxe4 24. fxe4 Bf6 25. e3 Bg5 26. Rc3 Kg8 27. Qb1 Nxd4 28. exd4 Qxd4+ 29. Kh1 Bxc1 30. Rc8+ Rxc8 31. Bxd4 Bg5 32. Bb2 Rf8 33.
Bc3 Rf1+ 34. Qxf1 Bxf1 35. Bxa5 Bd3 36. a4 Bxe4+ 37. Kg1 bxa4 38. bxa4 Bc2 39. Bb6 Bxa4 40. h4 Bf6 41. Kf2 Kf7 42. Ke3 Ke6 43. Kf4 Bd1 44. Bg1 Be5+ 0-1

[Event "*** Titled Tuesday Blitz"]
[Site "Chess.com"]
[Date "2020.02.04"]
[Round "2"]
[White "wild_cat99"]
[Black "miroslavsavic"]
[Result "1-0"]
[WhiteElo "2453"]
[BlackElo "2138"]
[TimeControl "180+2"]
[EndTime "9:22:46 PST"]
[Termination "wild_cat99 won by checkmate"]

1. e4 c5 2. Nf3 d6 3. d4 cxd4 4. Nxd4 Nf6 5. f3 a6 6. c4 g6 7.
Nc3 Bg7 8. Be3 O-O 9. Qd2 Nc6 10. Rc1 Nxd4 11. Bxd4 e5 12. Be3 Be6 13. Be2 Nh5 14. O-O f5 15. Rfd1 Qh4 16. Qxd6 Rae8 17. Bf2 Qg5 18. h4 Qf6 19. Nd5 Bxd5 20. Qxd5+ Kh8 21. Bc5 Qxh4 22. Bf2 Qg5 23. Bf1 Nf4 24. Be3 Nh3+ 25. Kh1 Qxe3 26. gxh3 Qxf3+ 27. Bg2 Qh5 28. Qxb7 Rd8 29. Rxd8 Rxd8 30. c5 Bh6 31. Rf1 Rd1 32.
Qc8+ Kg7 33. Qc7+ Kg8 34. Qb8+ Kg7 35. Qxe5+ Kg8 36. Qe6+ Kg7 37. Qe7+ Kg8 38. Qe8+ Kg7 39. Qe5+ Kg8 40. exf5 Rxf1+ 41. Bxf1 Qf3+ 42. Bg2 Qd1+ 43. Kh2 Qd2 44. Qe8+ Kg7 45. Qe7+ Kg8 46. Qe6+ Kg7 47.
f6+ Kh8 48. Qe8+ Bf8 49. Qxf8# 1-0

[Event "*** Titled Tuesday Blitz"]
[Site "Chess.com"]
[Date "2020.02.04"]
[Round "2"]
[White "cancrushyou"]
[Black "armago"]
[Result "1-0"]
[WhiteElo "2500"]
[BlackElo "2181"]
[TimeControl "180+2"]
[EndTime "9:22:47 PST"]
[Termination "cancrushyou won by resignation"]

1. d4 c5 2. d5 g6 3. Nf3 Bg7 4. Nc3 Nf6 5. e4 O-O 6. Be2 e6 7. O-O d6 8. a4 e5 9. a5 Na6 10.
Nd2 Ne8 11. Nc4 Nac7 12. Be3 Rb8 13. Qd2 Bd7 14. Na3 b6 15. axb6 axb6 16. Nab5 Nxb5 17.
Bxb5 Nc7 18. Bc6 Qe8 19. Bxd7 Qxd7 20. Ra7 Ra8 21. Rfa1 Rxa7 22. Rxa7 Ra8 23. Rxa8+ Nxa8 24. Bh6 b5 25. Bxg7 Kxg7 26. Nd1 b4 27. Ne3 Nb6 28. b3 Qb5 29. h4 h5 30. g4 Qa6 31. gxh5 gxh5 32. Nf5+ Kf8 33. Qh6+ Ke8 34. Nxd6+ Kd7 35. Nf5 Qa1+ 36. Kg2 Nc8 37. Qxh5 Qc1 38. Qxf7+ Kd8 39.
Qf6+ Kd7 40. Qe6+ Kc7 41. Qxe5+ Kb7 42. d6 Qd1 43. Qxc5 Qg4+ 44. Ng3 Qd7 45. e5 Nb6 46. Qc7+ Qxc7 47. dxc7 Kxc7 48. h5 Kd7 49. h6 1-0

[Event "*** Titled Tuesday Blitz"]
[Site "Chess.com"]
[Date "2020.02.04"]
[Round "2"]
[White "MFBerna"]
[Black "dangerousattack1st"]
[Result "0-1"]
[WhiteElo "2346"]
[BlackElo "2818"]
[TimeControl "180+2"]
[EndTime "9:22:48 PST"]
[Termination "dangerousattack1st won by resignation"]

1. e4 e5 2. Nf3 Nc6 3. Bb5 Bc5 4. O-O Nf6 5. Re1 d6 6. c3 O-O 7. h3 a6 8. Ba4 b5 9. Bb3 Bb7 10. d4 exd4 11. cxd4 Ba7 12. Bg5 h6 13. Bh4 Re8 14. Nc3 Na5 15. Bc2 b4 16. Na4 Qd7 17. Bxf6 gxf6 18. Nh4 Nc6 19. Nf5 Ne7 20. Qg4+ Ng6 21. Nxh6+ Kg7 22. Qxd7 Kxh6 23. Qxf7 Re7 24. Qxf6 Rf8 25.
Qxf8+ Nxf8 26. Rad1 Ne6 27. d5 Nf4 28. Kh2 Bc8 29.
b3 Rg7 30. g3 Nxh3 31. f4 Bf2 32. Rg1 Bxg1+ 33. Rxg1 Nxg1 34. Kxg1 Rxg3+ 35. Kf2 Rh3 36. Bd3 Rxd3 0-1

[Event "*** Titled Tuesday Blitz"]
[Site "Chess.com"]
[Date "2020.02.04"]
[Round "2"]
[White "sergoy"]
[Black "FedaMaster"]
[Result "1-0"]
[WhiteElo "2875"]
[BlackElo "2605"]
[TimeControl "180+2"]
[EndTime "9:22:50 PST"]
[Termination "sergoy won by resignation"]

1. e4 c5 2. Nf3 d6 3. Bb5+ Bd7 4.
Bxd7+ Qxd7 5. c4 Nc6 6. Nc3 g6 7. d4 cxd4 8. Nxd4 Bg7 9. Be3 Nf6 10. f3 O-O 11. O-O Nxd4 12. Bxd4 e6 13. Qd2 Rfd8 14.
Rac1 a6 15. a4 Qc6 16. b3 Nd7 17. Bxg7 Kxg7 18. Kh1 Nc5 19. Rb1 e5 20. Nd5 Ne6 21.
Qc3 Qc5 22. Rbd1 Nd4 23. f4 Rd7 24. b4 Qc8 25. Nb6 Qd8 26. Nxd7 Qxd7 27. c5 f6 28. fxe5 dxe5 29. Ra1 Rc8 30. Qc4 Qc6 31. Qd5 Qxd5 32. exd5 Rd8 33. d6 Kf7 34. Rab1 Ke6 35. Rfc1 Ne2 36. Rc4 Kd5 37. Rc2 Nd4 38. Rcc1 Rc8 39. b5 axb5 40. axb5 Rxc5 41. d7 Ne6 42. Rd1+ Ke4 43. d8=Q Nxd8 44. Rxd8 f5 45. g3 Kf3 46.
Rd7 g5 47. Rxb7 f4 48. Re7 e4 49. b6 Rc8 50. b7 Rb8 51. Rc7 e3 52. Rc8 1-0

[Event "*** Titled Tuesday Blitz"]
[Site "Chess.com"]
[Date "2020.02.04"]
[Round "2"]
[White "earling8018"]
[Black "Hadza_3"]
[Result "0-1"]
[WhiteElo "2059"]
[BlackElo "2407"]
[TimeControl "180+2"]
[EndTime "9:22:54 PST"]
[Termination "Hadza_3 won by resignation"]

1. c4 e5 2. Nc3 Nc6 3. Nf3 g6 4. g3 Bg7 5. Bg2 d6 6. O-O f5 7. d3 Nf6 8. Rb1 O-O 9. Nd5 Nxd5 10. cxd5 Ne7 11. Nd2 f4 12. b4 Nf5 13. Bb2 fxg3 14.
hxg3 Bd7 15. Qc2 Rc8 16. Ne4 h5 17. e3 Bh6 18. Qe2 Ng7 19. Kh2 Bg4 20. f3 Bd7 21. Rbc1 Nf5 22. f4 exf4 23. exf4 Bg7 24. Bxg7 Kxg7 25.
Qb2+ Kh6 26. b5 Ne3 27. Rfe1 Ng4+ 28. Kg1 h4 29. a4 hxg3 30. Nxg3 Qh4 31. Nf1 Rxf4 32.
Rc4 Rxc4 33. dxc4 Qxe1 0-1

[Event "*** Titled Tuesday Blitz"]
[Site "Chess.com"]
[Date "2020.02.04"]
[Round "2"]
[White "obliviate12"]
[Black "BvsN"]
[Result "1-0"]
[WhiteElo "2873"]
[BlackElo "2367"]
[TimeControl "180+2"]
[EndTime "9:22:55 PST"]
[Termination "obliviate12 won by resignation"]

1. e4 c5 2. Nf3 e6 3. d4 cxd4 4.
Nxd4 a6 5. c4 Nf6 6. Nc3 Qc7 7. a3 Nc6 8. Be3 Bd6 9. Ndb5 axb5 10.
Nxb5 Qa5+ 11. Bd2 Bb4 12. axb4 Qxa1 13. Nc7+ Kd8 14. Nxa8 Qxa8 15. b5 Ne5 16. Bc3 Qb8 17.
f4 Ng6 18. g3 b6 19. Bg2 Bb7 20. O-O Qc7 21. Qd4 Qc5 22. Qxc5 bxc5 23. Ra1 Kc8 24. Ra7 Ne8 25. b4 d6 26. e5 Bxg2 27. Kxg2 cxb4 28. Bxb4 dxe5 29. c5 Kb8 30. b6 Ne7 31. Rxe7 Nf6 32. c6 Nd5 33. Bd6+ 1-0

[Event "*** Titled Tuesday Blitz"]
[Site "Chess.com"]
[Date "2020.02.04"]
[Round "2"]
[White "Volodar_Murzin"]
[Black "RaunakSadhwani2005"]
[Result "1-0"]
[WhiteElo "2567"]
[BlackElo "2731"]
[TimeControl "180+2"]
[EndTime "9:22:58 PST"]
[Termination "Volodar_Murzin won by resignation"]

1. d4 f5 2. Nf3 Nf6 3. c4 g6 4. h4 Bg7 5. Nc3 O-O 6. e3 d6 7.
Be2 c6 8. Qb3 Qb6 9. Bd2 Na6 10.
c5+ Qxb3 11. axb3 dxc5 12. Bxa6 bxa6 13. dxc5 Rb8 14. Nd4 e5 15. Nxc6 Rxb3 16. Bc1 e4 17. Nxa7 Nd7 18. Nd5 Kf7 19. c6 Nc5 20. O-O Be6 21.
c7 Rb7 22. Nc6 Bf6 23. Nxf6 Kxf6 24. Bd2 Rxc7 25. Bc3+ Kf7 26. Ne5+ Kg8 27. Bd4 Rfc8 28.
b4 Nd3 29. Rxa6 Bd7 30. Nxd7 Rxd7 31. b5 Rb7 32. b6 Nc5 33. Rc1 Nxa6 34. Rxc8+ Kf7 35.
Ra8 Nb8 36. Ra7 1-0

[Event "*** Titled Tuesday Blitz"]
[Site "Chess.com"]
[Date "2020.02.04"]
[Round "2"]
[White "Nikolakis2014"]
[Black "MisiekZielony"]
[Result "1-0"]
[WhiteElo "2706"]
[BlackElo "2344"]
[TimeControl "180+2"]
[EndTime "9:22:58 PST"]
[Termination "Nikolakis2014 won by resignation"]

1. Nf3 Nf6 2. c4 g6 3. g3 Bg7 4. Bg2 c6 5. O-O d5 6. d4 O-O 7. Ne5 Ng4 8. cxd5 cxd5 9. Nd3 Nc6 10. Nc3 Nf6 11. Ne5 e6 12. Nxc6 bxc6 13. Bf4 Nd7 14. Rc1 Qb6 15. Na4 Qxd4 16. Bd6 Qxd1 17. Rfxd1 Re8 18.
Rxc6 Nb6 19. Nxb6 axb6 20. Ba3 Bf8 21. Bxf8 Kxf8 22. a3 b5 23. Rb6 Bd7 24. e4 Rab8 25. Rxb8 Rxb8 26. exd5 b4 27. dxe6 Bxe6 28. a4 b3 29. a5 Rb5 30. Ra1 Bd5 31. Bxd5 Rxd5 32. a6 Rd8 33. Kf1 Ke8 34. Ke2 Ra8 35. Kd3 Kd7 36. Kc4 Kc7 37. Kxb3 Ra7 38. Kc4 Kb8 39. b4 Rc7+ 40. Kb5 Ka7 41. Rd1 Re7 42. Ka5 1-0